 Dungeon Crawl Stone Soup version 0.29.1-2-gbd0b4ee654 (webtiles) character file.

Game seed: 5161674498559192928

11244 gregunderscorem the Slicer (level 11, -1/68 HPs)
             Began as an Octopode Transmuter on Nov 15, 2022.
             Was a High Priest of Ru.
             Slain by a two-headed ogre
             ... wielding a +0 giant club
              (28 damage)
             ... on level 10 of the Dungeon.
             The game lasted 00:29:45 (9760 turns).

gregunderscorem the Slicer (Octopode Transmuter)    Turns: 9760, Time: 00:29:45

Health: -1/68      AC:  9    Str: 24      XL:     11   Next: 74%
Magic:  15/15      EV: 16    Int: 16 (17) God:    Ru [*****.]
Gold:   650        SH:  0    Dex: 13 (14) Spells: 2/16 levels left

rFire   + . .      SeeInvis .   C - +10 rapier "Wakkihepn" {vorpal, Str+7 Stlth+}
rCold   . . .      Faith    .   (helmet restricted)
rNeg    . . .      Spirit   .   b - amulet of regeneration
rPois   .          Reflect  .   f - ring of protection from fire
rElec   .          Harm     .   l - +6 ring of strength
rCorr   .          Rampage  .   r - +4 ring of protection
Will    .....      Clarity  +   u - +4 ring of protection
Stlth   ++++++....              (no ring)
HPRegen 1.01/turn               (no ring)
MPRegen 0.14/turn               (no ring)

@: no status effects
A: almost no armour, amphibious, 7 rings, camouflage 1, gelatinous body 1,
missing a hand, hated by all, unskilled 1, (nimble swimmer 1), tentacles,
antennae 1, fangs 1, clarity, deterioration 1, robust 1
a: Renounce Religion, Draw Out Power, Power Leap, Apocalypse


You were on level 10 of the Dungeon.
You worshipped Ru.
Ru was extremely pleased with you.
You visited 1 branch of the dungeon, and saw 10 of its levels.
You also visited: Sewer and Ossuary.

You collected 738 gold pieces.
You spent 88 gold pieces at shops.

Inventory:

Hand Weapons
 i - a +2 short sword of venom
 n - a +3 dagger of venom
 C - the +10 rapier "Wakkihepn" (weapon) {vorpal, Str+7 Stlth+}
   (You found it on level 7 of the Dungeon)

   It inflicts extra damage upon your enemies.
   Str:       It affects your strength (+7).
   Stlth:     It makes you more stealthy.
Missiles
 m - 4 curare-tipped darts
 p - 24 poisoned darts
Jewellery
 b - an amulet of regeneration (around mantle)
 f - a ring of protection from fire (left tentacle)
 l - a +6 ring of strength (right tentacle)
 r - a +4 ring of protection (on tentacle)
 u - a +4 ring of protection (on tentacle)
Wands
 w - a wand of iceblast (10)
 D - a wand of charming (9)
 E - a wand of polymorph (7)
Scrolls
 c - 5 scrolls of teleportation
 q - a scroll of enchant weapon
 s - 6 scrolls of identify
 t - 3 scrolls of poison
 v - a scroll of summoning
 x - 4 scrolls of immolation
 y - 3 scrolls of vulnerability
 F - a scroll of magic mapping {unknown}
 G - a scroll of silence {unknown}
 I - a scroll of enchant armour {unknown}
 J - a scroll of fear {unknown}
 K - a scroll of blinking {unknown}
Potions
 a - 3 potions of lignification
 d - a potion of haste
 e - 3 potions of magic
 g - 3 potions of resistance
 h - 2 potions of heal wounds
 j - 4 potions of might
 k - 2 potions of attraction
 o - a potion of invisibility
 z - 7 potions of flight
 A - 2 potions of curing
 B - a potion of mutation
 H - a potion of brilliance {unknown}


   Skills:
 - Level 0.8 Fighting
 - Level 9.3 Short Blades
 - Level 7.2 Dodging
 - Level 8.9 Stealth
 - Level 2.6 Unarmed Combat
 - Level 3.1 Spellcasting
 + Level 5.4 Transmutations
 - Level 5.0 Ice Magic
 - Level 5.0 Earth Magic
 - Level 5.0 Poison Magic


You had 2 spell levels left.
You knew the following spells:

 Your Spells              Type           Power      Damage    Failure   Level
a - Beastly Appendage     Tmut           40%        N/A       1%          1
b - Spider Form           Tmut/Pois      19%        N/A       6%          3
c - Wereblood             Tmut           20%        N/A       3%          2
d - Ice Form              Ice/Tmut       19%        N/A       22%         4
e - Petrify               Tmut/Erth      19%        N/A       22%         4

Your spell library contained the following spells:

 Spells                   Type           Power      Damage    Failure   Level
 Magic Dart               Conj           8%         1d3       19%         1
 Necrotise                Necr           8%         1d4       19%         1
 Searing Ray              Conj           4%         2d4       28%         2
 Sublimation of Blood     Necr           2%         N/A       28%         2
 Gell's Gravitas          Tloc           2%         N/A       50%         3
 Lesser Beckoning         Tloc           2%         N/A       50%         3
 Teleport Other           Tloc           2%         N/A       50%         3
 Vampiric Draining        Necr           2%         2d6       50%         3
 Irradiate                Conj/Tmut      5%         3d13      86%         5
 Fulminant Prism          Conj/Hex       1%         3d6       88%         4
 Agony                    Necr           2%         N/A       99%         5
 Iskenderun's Battlesphe  Conj           2%         2d6       99%         5
 Iron Shot                Conj/Erth      5%         9d2       100%        6
 Summon Forest            Summ/Tloc      Unusable   N/A       N/A         5
 Summon Mana Viper        Hex/Summ       Unusable   N/A       N/A         5
 Summon Cactus Giant      Summ           Unusable   N/A       N/A         6
 Spellforged Servitor     Conj/Summ      Unusable   N/A       N/A         7

Dungeon Overview and Level Annotations

Branches:
Dungeon (10/15)            Temple (0/1) D:7            Lair (0/5) D:10
  Sewer (visited)         Ossuary (visited)
    Orc: D:9-12

Altars:
Ashenzari
Kikubaaqudgha
Ru
The Shining One

Shops:
D:3 :   D:7 [!*[


Innate Abilities, Weirdness & Mutations

You cannot wear most types of armour.
You are amphibious.
You can wear up to seven rings at the same time.
Your skin changes colour to match your surroundings (Stealth+).
Your rubbery body absorbs attacks. (AC +1, EV +1)
You are missing a hand.
You are hated by all.
You are somewhat unskilled. (-1 Apt)
((You are camouflaged when in or above water. (Stealth+)))
You have tentacles for arms and can constrict up to seven enemies at once.
You have a pair of small antennae on your head.
You have very sharp teeth.
You possess an exceptional clarity of mind.
Your body sometimes deteriorates upon taking damage.
You are robust. (+10% HP)


Message History

You hear a splash.
No target in view!
No target in view!
No target in view!
You open the door.
There is an open door here.
There is an open door here.
You see here an electric eel corpse.
You open the door.
There is an open door here.
Key pressed, stopping explore.
A two-headed ogre comes into view.
It is wielding a +0 giant club and a +0 giant spiked club.
A two-headed ogre is nearby!
The two-headed ogre misses you.
The two-headed ogre hits you with a +0 giant spiked club!!
You barely miss the two-headed ogre. You barely miss the two-headed ogre.
The two-headed ogre is stunned by your conviction and fails to attack.
You puncture the two-headed ogre!
Your squeeze misses the two-headed ogre.
The two-headed ogre is moderately wounded.
The two-headed ogre hits you with a +0 giant club!!
The two-headed ogre completely misses you.
You are too injured to fight recklessly!
You are too injured to fight recklessly!
You are too injured to fight recklessly!
You are too injured to fight recklessly!
You are too injured to fight recklessly!
A two-headed ogre is nearby!
You are too injured to fight recklessly!
You puncture the two-headed ogre!
The two-headed ogre is heavily wounded.
You hit the two-headed ogre.
The two-headed ogre is heavily wounded.
The two-headed ogre is stunned by your conviction and fails to attack.
You puncture the two-headed ogre!
Your squeeze misses the two-headed ogre.
The two-headed ogre is almost dead.
The two-headed ogre hits you with a +0 giant club!!
You die...

...+...........................##
...#.........#...................
##................#.###.....##'##
.#................#... ###......#
'#................#....###......#
.............#+##.#....#........#
.............#....#....+........#
...............#####. #........#
................@O.+...+.........
###.............####...#......###
.............##.####...#......#
~.~.....~.~.~≈≈..≈..~...~~.~#####
~≈.≈~~~~~~.~~≈~~~~~.~~~~..†≈≈≈≈≈≈
≈~~≈≈≈≈≈≈~~~≈≈≈≈≈~~~≈≈~≈~≈~†≈≈≈≈≈
≈~~≈≈≈≈≈≈≈~≈≈≈≈≈≈≈≈≈~~≈~≈≈≈≈≈≈≈≈≈
≈.~≈≈≈#≈≈≈~~.≈≈≈###≈≈~.≈≈~≈≈≈≈≈≈≈
≈≈~≈≈≈≈≈≈≈~.≈≈≈≈≈≈≈≈≈≈~~.~≈≈≈≈≈≈≈


You could see a two-headed ogre.

Vanquished Creatures
  A rakshasa (D:9)
  2 two-headed ogres (D:9)
  Erica (D:9)
  A cyclops (D:9)
  An efreet (D:9)
  A kobold demonologist (D:9)
  A troll (D:9)
  A slime creature (D:7)
  A hornet (D:10)
  Sigmund (D:3)
  2 wyverns
  5 yaks
  A basilisk (D:10)
  2 steam dragons (D:9)
  3 wargs (D:10)
  A water moccasin (D:6)
  A sky beast (D:8)
  Duvessa (D:4)
  An ice beast (D:7)
  8 orc warriors
  An ogre (D:6)
  3 centaurs
  A phantom (D:5)
  Blork the orc (D:5)
  5 kobold brigands
  An elf zombie (Ossuary)
  2 bullfrogs (D:9)
  2 gnoll sergeants (D:9)
  2 scorpions (D:6)
  15 wights
  13 killer bees
  Dowan (D:4)
  5 howler monkeys
  7 electric eels (D:10)
  A hound (D:5)
  3 jellies
  3 gnoll boudas
  A human zombie (Ossuary)
  5 orc priests
  2 centaur zombies (Ossuary)
  5 iguanas
  14 orc wizards
  3 mummies
  3 gnolls (D:6)
  8 adders
  3 river rats (Sewer)
  2 white imps
  An ufetubus (D:5)
  3 adder zombies (Ossuary)
  A worm (D:3)
  52 orcs
  4 endoplasms
  5 giant cockroaches
  10 goblins
  4 hobgoblins
  5 jackals
  13 kobolds
  5 quokkas
  5 ball pythons
  4 bats
  6 frilled lizards
  A goblin zombie (Ossuary)
  5 hobgoblin zombies (Ossuary)
  15 kobold zombies (Ossuary)
  9 orc zombies
  5 rats
  A rat zombie (Ossuary)
302 creatures vanquished.

Vanquished Creatures (others)
  A yak (D:9)
  2 bullfrogs
  An orc priest (D:9)
  An adder zombie (Ossuary)
  3 plants (Sewer)
8 creatures vanquished.

Grand Total: 310 creatures vanquished

Notes
Turn   | Place    | Note
-------+----------+-------------------------------------------
     0 | D:1      | gregunderscorem the Octopode Transmuter began the quest for
                  | the Orb.
     0 | D:1      | Reached XP level 1. HP: 13/13 MP: 3/3
   386 | D:1      | Reached XP level 2. HP: 13/18 MP: 5/5
  1559 | D:3      | Noticed Sigmund
  1562 | D:3      | Reached XP level 3. HP: 21/23 MP: 6/6
  1571 | D:2      | Learned a level 3 spell: Spider Form
  1587 | D:3      | HP: 1/34 [something (5)]
  1588 | D:3      | Killed Sigmund
  1589 | D:3      | Reached XP level 4. HP: 2/28 MP: 7/9
  1589 | D:3      | Reached XP level 5. HP: 2/33 MP: 7/10
  1924 | D:3      | Found a broken altar of Ashenzari.
  1973 | D:3      | Found an ancient bone altar of Kikubaaqudgha.
  1975 | D:3      | Found a sacrificial altar of Ru.
  2117 | D:3      | Became a worshipper of Ru the Awakened
  2383 | D:3      | Found Vuguga's Book Shop.
  2498 | D:3      | Learned a level 2 spell: Wereblood
  2503 | D:3      | Learned a level 4 spell: Ice Form
  2681 | D:4      | Reached skill level 1 in Poison Magic
  2681 | D:4      | Reached XP level 6. HP: 19/38 MP: 11/11
  2693 | D:4      | Gained mutation: Your body sometimes deteriorates upon
                  | taking damage. [potion of mutation]
  2693 | D:4      | Gained mutation: You have hidden genetic potential. [potion
                  | of mutation]
  2693 | D:4      | Gained mutation: You are robust. (+10% HP) [potion of
                  | mutation]
  2693 | D:4      | Gained mutation: You have a pair of small antennae on your
                  | head. [potion of mutation]
  2867 | D:4      | Reached skill level 1 in Ice Magic
  3053 | D:4      | Noticed Duvessa
  3054 | D:4      | Noticed Dowan
  3063 | D:4      | Killed Duvessa
  3065 | D:4      | Killed Dowan
  3174 | D:4      | Found a glowing drain.
  3195 | Sewer    | Entered a sewer
  3240 | Sewer    | Gained mutation: You are missing a hand. [Ru sacrifice]
  3240 | Sewer    | Reached * piety under Ru
  3240 | Sewer    | Reached ** piety under Ru
  3240 | Sewer    | Reached *** piety under Ru
  3276 | Sewer    | Reached XP level 7. HP: 47/47 MP: 12/12
  3292 | Sewer    | Gained mutation: You have very sharp teeth. [hidden
                  | potential]
  3739 | D:4      | Found a hazy altar of Hepliaklqana.
  4210 | D:5      | Entered Level 5 of the Dungeon
  4405 | D:5      | Noticed Blork the orc
  4663 | D:5      | Reached skill level 5 in Poison Magic
  4717 | D:5      | Killed Blork the orc
  4718 | D:5      | Reached skill level 5 in Ice Magic
  4718 | D:5      | Reached skill level 1 in Stealth
  4718 | D:5      | Reached XP level 8. HP: 33/52 MP: 10/13
  4734 | D:5      | Gained mutation: You possess an exceptional clarity of
                  | mind. [hidden potential]
  4734 | D:5      | Lost mutation: You have hidden genetic potential. [hidden
                  | potential expressed]
  5156 | D:6      | Reached skill level 5 in Dodging
  5224 | D:6      | Reached skill level 5 in Stealth
  5488 | D:7      | Reached XP level 9. HP: 48/58 MP: 14/14
  5509 | D:7      | Found Ebbum's Antique Armour Emporium.
  5516 | D:7      | Found Waxoben's Assorted Antiques.
  5553 | D:7      | Found Qatrepp's Armour Shop.
  5566 | D:7      | Found a staircase to the Ecumenical Temple.
  5585 | D:7      | Gained mutation: You are somewhat unskilled. (-1 Apt) [Ru
                  | sacrifice]
  5585 | D:7      | Reduced skill Dodging to level 5
  5585 | D:7      | Reached **** piety under Ru
  5673 | D:7      | Found a sand-covered staircase.
  5678 | Ossuary  | Entered an ossuary
  6058 | D:7      | Found a glowing golden altar of the Shining One.
  6332 | D:7      | Found Mait Ami's Distillery.
  6337 | D:7      | Bought a potion of mutation for 88 gold pieces
  6488 | D:7      | Identified the +10 rapier "Wakkihepn" {vorpal, Str+7
                  | Stlth+}
  6642 | D:7      | Learned a level 4 spell: Petrify
  6752 | D:8      | Reached skill level 1 in Short Blades
  6759 | D:8      | Reached skill level 2 in Short Blades
  6796 | D:8      | Reached skill level 3 in Short Blades
  6797 | D:8      | Reached XP level 10. HP: 46/62 MP: 14/14
  6811 | D:8      | Reached skill level 4 in Short Blades
  7082 | D:8      | Gained mutation: You are hated by all. [Ru sacrifice]
  7082 | D:8      | Reached ***** piety under Ru
  7615 | D:9      | Reached skill level 5 in Short Blades
  7851 | D:9      | Found a runed translucent door.
  7874 | D:9      | Noticed a kobold demonologist
  7875 | D:9      | Noticed a sixfirhy
  7885 | D:9      | Noticed an orange demon
  7888 | D:9      | Killed a kobold demonologist
  7889 | D:9      | Reached skill level 6 in Short Blades
  8134 | D:9      | Noticed a two-headed ogre
  8145 | D:9      | Killed a two-headed ogre
  8146 | D:9      | Reached skill level 7 in Short Blades
  8271 | D:9      | Noticed Erica
  8278 | D:9      | Killed Erica
  8279 | D:9      | Reached skill level 8 in Short Blades
  8295 | D:9      | Noticed a two-headed ogre
  8302 | D:9      | Killed a two-headed ogre
  8303 | D:9      | Reached XP level 11. HP: 68/68 MP: 15/15
  8334 | D:9      | Reached skill level 9 in Short Blades
  8464 | D:9      | Found a runed translucent door.
  8715 | D:9      | Reached skill level 1 in Earth Magic
  8716 | D:9      | Noticed a cyclops
  8724 | D:9      | Killed a cyclops
  8725 | D:9      | Reached skill level 5 in Poison Magic
  8735 | D:9      | Reached skill level 5 in Ice Magic
  8768 | D:9      | Noticed a rakshasa
  8812 | D:9      | Killed a rakshasa
  8923 | D:10     | Entered Level 10 of the Dungeon
  9011 | D:10     | Reached skill level 5 in Earth Magic
  9312 | D:10     | Found a staircase to the Lair.
  9535 | D:10     | Reached skill level 5 in Transmutations
  9748 | D:10     | Noticed a two-headed ogre
  9760 | D:10     | Slain by a two-headed ogre

Illustrated notes

Levels and vault maps discovered:
D:1:      dpeg_arrival_refuge, layout_rooms
D:2:      layout_basic
D:3:      layout_rooms, minitemple, serial_shops, shop, uniq_sigmund
D:4:      nicolae_cairo_tiling_large, layout_basic,
          mainiacjoe_overflow_tiny_flanked, gup_sewer_entry_pipe, uniq_duvessa
D:5:      layout_rooms, uniq_blork_the_orc
D:6:      layout_gridville, lightli_minifort
D:7:      minmay_chambers_of_fours, layout_loops_ring,
          mainiacjoe_overflow_boulevard, minmay_temple_entry_drinking_statues,
          serial_shops, nicolae_shop_hallway_stairs, shop, shop, shop,
          nicolae_ossuary_entry_giza, serial_bayou_crossing
D:8:      layout_basic, serial_aquarium, aquarium_bridge_square
          [aquarium_subvault_bridge, aquarium_subvault_balcony,
          aquarium_subvault_bridge, aquarium_subvault_balcony],
          aquarium_window_fake, aquarium_window_corridor_3, aquarium_window_2,
          aquarium_view_2b, aquarium_view_4
D:9:      cheibrodos_histonic, layout_stronghold, chequers_mini_garden,
          uniq_erica
D:10:     erik_rubicon_b, layout_basic, erik_lair_orcish_takeover

Skill      XL: |  1  2  3  4  5  6  7  8  9 10 11 |
---------------+----------------------------------+-----
Dodging        | 3 6 7 |  7.2
Spellcasting   | 3 |  3.1
Transmutations | 3 5 |  5.4
Poison Magic   | 1 3 5 4 5 |  5.0
Ice Magic      | 2 5 4 5 |  5.0
Stealth        | 1 6 8 |  8.9
Fighting       | 0 |  0.8
Unarmed Combat | 2 |  2.6
Short Blades   | 3 8 9 |  9.3
Earth Magic    | 5 |  5.0

Action                   |  1- 3 |  4- 6 |  7- 9 | 10-12 || total
-------------------------+-------+-------+-------+-------++-------
Melee: Unarmed           |    10 |       |    13 |       ||    23
       Short sword       |    35 |    29 |       |       ||    64
       Constrict         |    12 |    20 |    86 |    37 ||   155
       Tentacles         |     6 |    18 |   110 |    64 ||   198
       Punch             |     2 |     1 |    14 |     8 ||    25
       Dagger            |       |    57 |   303 |       ||   360
       Bite              |       |       |    57 |    35 ||    92
       Rapier            |       |       |    27 |   281 ||   308
 Cast: Spider Form       |     1 |       |     1 |       ||     2
       Beastly Appendage |     1 |       |       |       ||     1
       Wereblood         |       |       |     1 |     1 ||     2
       Ice Form          |       |       |     1 |       ||     1
Invok: Sacrifice a Hand  |       |     1 |       |       ||     1
       Sacrifice Skill   |       |       |     1 |       ||     1
       Sacrifice Love    |       |       |       |     1 ||     1
       Apocalypse        |       |       |       |     1 ||     1
       Reject Sacrifices |       |       |       |     1 ||     1
  Use: Potion            |     5 |     3 |     3 |     1 ||    12
       Scroll            |       |     6 |     9 |       ||    15
 Stab: Sleeping          |     5 |     4 |    20 |    14 ||    43
       Distracted        |       |       |     1 |     2 ||     3
       Invisible         |       |       |     1 |     2 ||     3
Armor: Skin              |     3 |     7 |    56 |    35 ||   101
Dodge: Dodged            |    22 |    52 |   173 |   161 ||   408
